details: 'funny tree hide murloc peasants duel'

« prev index next »

General information

Mini Map

Players

team 1
Humanrockingyang (orange | 51 APM | 1575 actions | 30:56)
Hero icon 4 Archmage
Ability icon 2 Summon Water Elemental
Ability icon 2 Brilliance Aura
Hero icon 2 Mountain King
Ability icon 1 Storm Bolt
Ability icon 1 Bash

» actions
Assign group hotkey21
Basic commands26
Build / train129
Enter build submenu65
Enter hero's abilities submenu6
Give item / drop item1
Remove unit from queue2
Right click689
Select / deselect462
Select group hotkey70
Use ability104
1575 total
» units
Peasant58
Footman6
Goblin Shredder1
Sorceress3
Spell Breaker3
Flying Machine22
93 total
» upgrades
Lumber Harvesting1
Masonry1
Sorceress Training1
3 total
» buildings
Altar of Kings1
Farm6
Barracks1
Scout Tower33
Keep1
Lumber Mill1
Arcane Tower1
Town Hall2
Blacksmith1
Arcane Vault1
Guard Tower12
Arcane Sanctum3
Castle1
Workshop1
Cannon Tower2
67 total
» build order
00:07 Altar of Kings
00:12 Farm
00:20 Farm
00:29 Barracks
01:51 Scout Tower
02:43 Keep
02:47 Farm
03:27 Lumber Mill
03:35 Arcane Tower
04:36 Town Hall
04:39 Scout Tower
04:40 Scout Tower
04:58 Scout Tower
05:02 Blacksmith
05:06 Arcane Vault
06:49 Guard Tower
07:02 Farm
07:19 Guard Tower
08:01 Arcane Sanctum
08:08 Arcane Sanctum
08:26 Guard Tower
08:27 Castle
08:33 Scout Tower
09:14 Arcane Sanctum
09:19 Guard Tower
09:21 Scout Tower
09:23 Workshop
09:46 Scout Tower
10:04 Town Hall
10:12 Guard Tower
10:28 Farm
10:29 Guard Tower
18:04 Scout Tower
18:05 Scout Tower
18:07 Scout Tower
18:27 Cannon Tower
18:27 Guard Tower
18:30 Scout Tower
18:33 Scout Tower
18:36 Scout Tower
22:43 Scout Tower
22:51 Scout Tower
22:53 Guard Tower
22:55 Scout Tower
23:01 Scout Tower
23:14 Scout Tower
23:17 Scout Tower
23:21 Scout Tower
23:33 Scout Tower
23:38 Scout Tower
23:44 Guard Tower
23:49 Scout Tower
23:59 Guard Tower
24:02 Scout Tower
24:04 Scout Tower
24:26 Scout Tower
24:34 Guard Tower
24:41 Scout Tower
24:49 Scout Tower
27:01 Farm
28:41 Scout Tower
28:45 Scout Tower
28:51 Scout Tower
28:55 Scout Tower
29:11 Cannon Tower
29:23 Scout Tower
29:38 Guard Tower
» items
Scroll of Regeneration1
Ivory Tower3
Potion of Healing1
Scroll of Town Portal1
6 total
team 2
NightElfFunny (green | 35 APM | 1074 actions | 31:00)

» actions
Basic commands55
Enter build submenu2
Right click749
Select / deselect25
Use ability243
1074 total
» buildings
Tree of Life1
1 total
» build order
02:03 Tree of Life

Chat log


(11:55 / All) rockingyang: what?

(14:40 / All) rockingyang: why not defeated?

(16:53 / All) rockingyang: you just wanna me quit?
(17:37 / All) rockingyang: interesting
(17:51 / All) Funny: has left the game!

(19:57 / All) rockingyang: cute

(23:48 / All) Funny: this is like a custom map

(26:40 / All) rockingyang: more?

(28:04 / All) Funny: this is why warcraft 3 is the greatest rts of all time
(28:17 / All) Funny: only in this game can you do this